 Dungeon Crawl Stone Soup version 0.19-a0-459-gb8ed64d (webtiles) character file.

1 ololoev the Firebug (level 1, 2/10 HPs)
             Began as a Deep Elf Fire Elementalist on June 2, 2016.
             Quit the game on level 2 of the Dungeon.
             The game lasted 00:00:40 (49 turns).

ololoev the Firebug (Deep Elf Fire Elementalist)      Turns: 49, Time: 00:00:41

Health: 2/10       AC:  2    Str:  5    XL:     1   Next: 16%
Magic:  0/6        EV: 13    Int: 19    God:
Gold:   0          SH:  0    Dex: 15    Spells: 1 memorised, 5 levels left

rFire  . . .     SeeInvis .     (no weapon)
rCold  . . .     Gourm    .     a - +0 robe
rNeg   . . .     Faith    .     (no shield)
rPois  .         Spirit   .     (no helmet)
rElec  .         Dismiss  .     (no cloak)
rCorr  .         Reflect  .     (no gloves)
SustAt .         Harm     .     (no boots)
MR     .....                    (no amulet)
Stlth  ++........               (no ring)
                                (no ring)

@: very slightly contaminated, not resistant to hostile enchantments, unstealthy
A: no striking features
a: no special abilities

Inventory:

Armour
 a - a +0 robe (worn)
Scrolls
 e - a scroll of recharging {unknown}
Potions
 f - a potion of might {unknown}
Books
 b - a book of Flames

   Spells                             Type                      Level
   a - Flame Tongue                   Conjuration/Fire             1
   b - Throw Flame                    Conjuration/Fire             2
   c - Conjure Flame                  Conjuration/Fire             3
   d - Inner Flame                    Hexes/Fire                   3
   e - Sticky Flame                   Conjuration/Fire             4
   f - Fireball                       Conjuration/Fire             5
Comestibles
 c - a bread ration
 d - a meat ration


   Skills:
 - Level 2.4 Dodging
 - Level 2.4 Stealth
 + Level 3.1 Spellcasting
 * Level 1.1 Conjurations
 + Level 3.2 Fire Magic


You had 5 spell levels left.
You knew the following spells:

 Your Spells              Type           Power        Failure   Level  Hunger
a - Flame Tongue          Conj/Fire      ##...        10%         1    None


You were on level 2 of the Dungeon.
You were not hungry.

You visited 1 branch of the dungeon, and saw 2 of its levels.

#.# #.# #.#
#####.#######..
##.............#
####........†#
#......##.##.#
#.##..w##.##.#
#...@.....#
#..##..##.#
#..##.###... #
#..##.# #.###
#.##..##.# #.#
#........###.#
#..#...(...[.#
#..##.########
#._.<........#

Notes
Turn   | Place    | Note
--------------------------------------------------------------
     0 | D:1      | ololoev the Deep Elf Fire Elementalist began the quest for the Orb.
     0 | D:1      | Reached XP level 1. HP: 10/10 MP: 6/6
     2 | D:2      | Found a snail-covered altar of Cheibriados.
    49 | D:2      | Quit the game

Dungeon Overview and Level Annotations

Branches:
Dungeon (2/15)

Altars:
Cheibriados


Message History

Welcome, ololoev the Deep Elf Fire Elementalist.
Will you prevail where others failed? Will you find the Orb of Zot?
Press ? for a list of commands and other information.
Found 17 stones.
Found two stairs.
There is a stone staircase leading down here.
You climb downwards.
Found four items.
Found a snail-covered altar of Cheibriados.
There is a stone staircase leading up here.
d - a meat ration
e - a scroll labeled PAMMAU WIUTYNWI
Found a ring mail.
f - a green potion A worm comes into view.
A giant cockroach comes into view.
Casting: Flame Tongue
Confirm with . or Enter, or press ? or * to list all spells.
You can't see any susceptible monsters within range! (Use Z to cast anyway.)
Casting: Flame Tongue
Confirm with . or Enter, or press ? or * to list all spells.
Aiming: Flame Tongue
Press: ? - help, Shift-Dir - straight line, f - giant cockroach
Aim: a giant cockroach (clinging)
The flame tongue hits the giant cockroach.
You kill the giant cockroach!
Casting: Flame Tongue
Confirm with . or Enter, or press ? or * to list all spells.
You can't see any susceptible monsters within range! (Use Z to cast anyway.)
Casting: Flame Tongue
Confirm with . or Enter, or press ? or * to list all spells.
Aiming: Flame Tongue
Press: ? - help, Shift-Dir - straight line, f - worm
Aim: a worm The flame tongue hits the worm.
The worm is moderately wounded.
Casting: Flame Tongue
Confirm with . or Enter, or press ? or * to list all spells.
Aiming: Flame Tongue
Press: ? - help, Shift-Dir - straight line, f/p - worm
Aim: a worm (moderately wounded)
The flame tongue misses the worm.
Casting: Flame Tongue
Confirm with . or Enter, or press ? or * to list all spells.
Aiming: Flame Tongue
Press: ? - help, Shift-Dir - straight line, f/p - worm
Aim: a worm (lightly wounded)
You miscast Flame Tongue.
You are very lightly contaminated with residual magic.
You have a brief vision of globes of primordial fire.
Casting: Flame Tongue
Confirm with . or Enter, or press ? or * to list all spells.
Aiming: Flame Tongue
Press: ? - help, Shift-Dir - straight line, f/p - worm
Aim: a worm (lightly wounded)
The flame tongue hits the worm.
The worm is moderately wounded.
The worm bites you!
Ouch! That really hurt!
Casting: Flame Tongue
Confirm with . or Enter, or press ? or * to list all spells.
Aiming: Flame Tongue
Press: ? - help, Shift-Dir - straight line, f/p - worm
Aim: a worm (lightly wounded)
The flame tongue hits the worm.
The worm is heavily wounded.
The worm misses you.
Casting: Flame Tongue
Confirm with . or Enter, or press ? or * to list all spells.
Aiming: Flame Tongue
Press: ? - help, Shift-Dir - straight line, f/p - worm
Aim: a worm (moderately wounded)
The flame tongue hits the worm.
The worm is severely wounded.
Casting: Flame Tongue
Confirm with . or Enter, or press ? or * to list all spells.
Aiming: Flame Tongue
Press: ? - help, Shift-Dir - straight line, f/p - worm
Aim: a worm (heavily wounded)
The flame tongue misses the worm.
Are you sure you want to abandon this character and quit the game? (Confirm with "yes".)

You could see a worm.

Vanquished Creatures
  A giant cockroach (D:2)
1 creature vanquished.

Action                   || total
-------------------------++-------
 Cast: Flame Tongue      ||     7
Dodge: Dodged            ||     1

Vault maps used:
D:1:      dpeg_arrival_caged_fury, evilmike_ruin_ashenzari
D:2:      makhleb_heckhound_becter, overflow_temple_1_default,
          nicolae_overflow_crystal_walls, kennysheep_generic_room_5
